 Dungeon Crawl Stone Soup version 0.27-a0-637-g3a9f0a9c12 (webtiles) character file.

Game seed: 15914641876388061597

490 spiderkeys the Shield-Bearer (level 7, -2/55 HPs)
             Began as a Formicid Fighter on Mar 14, 2021.
             Slain by an ogre
             ... wielding a +0 giant club
              (28 damage)
             ... on level 3 of the Dungeon.
             The game lasted 00:06:30 (4114 turns).

spiderkeys the Shield-Bearer (Formicid Fighter)     Turns: 4114, Time: 00:06:30

Health: -2/55      AC:  7    Str: 23    XL:     7   Next: 37%
Magic:  7/7        EV:  8    Int:  7    God:
Gold:   180        SH: 10    Dex: 10    Spells: 6/6 levels left

rFire    . . .     SeeInvis +   a - +0 war axe
rCold    . . .     Faith    .   c - +0 kite shield
rNeg     . . .     Spirit   .   b - +0 scale mail
rPois    .         Reflect  .   (helmet unavailable)
rElec    .         Harm     .   (no cloak)
rCorr    +         Rampage  .   (no gloves)
Will     .....                  (no boots)
Stlth    ..........             (no amulet)
HPRegen  0.18/turn              i - ring of resist corrosion
MPRegen  0.10/turn              (no ring)

@: no status effects
A: permanent stasis, dig shafts and tunnels, antennae 3, four strong arms
a: Dig, Shaft Self


You were on level 3 of the Dungeon.
You visited 2 branches of the dungeon, and saw 8 of its levels.

You collected 180 gold pieces.

Inventory:

Hand Weapons
 a - a +0 war axe (weapon)
Armour
 b - a +0 scale mail (worn)
 c - a +0 kite shield (worn)
 q - a +0 chain mail
Jewellery
 g - a ring of magical power
 i - a ring of resist corrosion (right hand)
Wands
 j - a wand of iceblast (8)
Scrolls
 o - a scroll of teleportation
 p - a scroll of enchant armour
Potions
 d - a potion of might
 e - a potion of flight {unknown}
 k - 3 potions of mutation


   Skills:
 + Level 4.8 Fighting
 * Level 4.9 Axes
 + Level 4.8 Armour
 + Level 5.3 Shields


You had 6 spell levels left.
You didn't know any spells.
Your spell library was empty.

Dungeon Overview and Level Annotations

Branches:
Dungeon (7/15)             Temple (1/1) D:6

Altars:
Ashenzari
Cheibriados
Dithmenos
Elyvilon
Fedhas
Gozag
Hepliaklqana
Kikubaaqudgha
Makhleb
Nemelex Xobeh
Sif Muna
Uskayaw
Vehumet
Yredelemnul
Zin
The Shining One

Shops:
D:4 (

Annotations:
D:7 Joseph


Innate Abilities, Weirdness & Mutations

You cannot be hasted, slowed, berserked, paralysed or teleported.
You can dig through walls and to a lower floor.
You have a pair of large antennae on your head. (SInv)
Your four strong arms can wield two-handed weapons with a shield.


Message History

You see here a +1 hand axe of draining.
There is a stone staircase leading down here.
You climb downwards.
You block the gnoll's attack. The gnoll hits you but does no damage.
The gnoll hits you with a +0 whip.
There is a stone staircase leading up here.
You slash the gnoll!
The gnoll is severely wounded.
You slash the gnoll! You block the gnoll's attack. The gnoll hits you.
The gnoll closely misses you. x2
You hit the gnoll.
The gnoll is almost dead.
You hit the gnoll. The gnoll hits you. The gnoll barely misses you.
You block the gnoll's attack. The gnoll barely misses you.
The ogre shouts!
You hit the gnoll.
You kill the gnoll!
You hit the gnoll. You block the gnoll's attack.
The gnoll hits you from afar with a +0 halberd.
You block the gnoll's attack. The gnoll hits you but does no damage.
The ogre barely misses you.
You climb upwards.
There is a stone staircase leading down here.
You barely miss the gnoll.
The gnoll is almost dead.
You slash the ogre! The gnoll hits you but does no damage.
The ogre hits you with a +0 giant club.
You hit the gnoll.
You kill the gnoll!
You hit the ogre. The ogre hits you with a +0 giant club!
You hit the ogre but do no damage.
The ogre is moderately wounded.
The ogre hits you with a +0 giant club.
You hit the ogre.
The ogre is heavily wounded.
You block the ogre's attack.
You hit the ogre.
The ogre is severely wounded.
The ogre hits you with a +0 giant club!!
Ouch! That really hurt!
You die...

.........................#
#################.######.#
#.# #.# #.# #.#
##############.# #.#
#..............# #.#
#.############## ##.#
#.##################..#
#......)....†@O......##
##########.##.######.#
#.##.# #.# #.##.# #.#
#.##.### #.# ######
#.##...# #.# .....#
#.####.# #.# ####.# #.#
##.## #.# #.#
#.###...###.#


You could see an ogre.

Vanquished Creatures
  A phantom (D:3)
  2 scorpions
  Jessica (D:2)
  An iguana (D:4)
  An orc wizard (D:4)
  4 worker ants
  2 gnolls
  4 adders
  2 oozes
  A worm (D:2)
  2 dart slugs
  A leopard gecko (Temple)
  7 orcs
  2 giant cockroaches
  9 goblins
  12 hobgoblins
  5 jackals
  2 quokkas
  6 bats
  4 frilled lizards
  7 kobolds
  7 rats
83 creatures vanquished.

Notes
Turn   | Place    | Note
-------+----------+-------------------------------------------
     0 | D:1      | spiderkeys the Formicid Fighter began the quest for the
                  | Orb.
     0 | D:1      | Reached XP level 1. HP: 18/18 MP: 1/1
    42 | D:1      | Reached XP level 2. HP: 16/24 MP: 2/2
   445 | D:1      | Reached XP level 3. HP: 27/29 MP: 3/3
   881 | D:2      | Reached skill level 4 in Shields
   961 | D:2      | Reached XP level 4. HP: 32/37 MP: 4/4
  1424 | D:2      | Found a shadowy altar of Dithmenos.
  1477 | D:2      | Noticed Jessica
  1490 | D:2      | Killed Jessica
  1491 | D:2      | Reached XP level 5. HP: 41/42 MP: 5/5
  2075 | D:3      | Found an opulent altar of Gozag.
  2304 | D:3      | Noticed a phantom
  2310 | D:3      | Killed a phantom
  2311 | D:3      | Reached XP level 6. HP: 47/48 MP: 6/6
  2603 | D:4      | Found Wagaoz's Antique Weapon Shoppe.
  2609 | D:4      | Found a radiant altar of Vehumet.
  2821 | D:4      | Noticed an ogre
  2830 | D:4      | HP: 2/49 [ogre/+0 giant club (25)]
  2843 | D:4      | You fall into a shaft and drop 2 floors!
  2846 | D:6      | You fall into a shaft and drop 1 floor!
  2846 | D:7      | Found a glowing golden altar of the Shining One.
  2846 | D:7      | Found a glowing silver altar of Zin.
  2846 | D:7      | Found a white marble altar of Elyvilon.
  3148 | D:7      | Noticed Joseph
  3175 | D:6      | Found a staircase to the Ecumenical Temple.
  3184 | Temple   | Entered the Ecumenical Temple
  3188 | Temple   | Reached skill level 5 in Shields
  3544 | Temple   | Reached XP level 7. HP: 30/55 MP: 7/7
  3970 | D:5      | Entered Level 5 of the Dungeon
  4114 | D:3      | Slain by an ogre

Illustrated notes

Levels and vault maps discovered:
D:1:      dpeg_arrival_pits, layout_basic
D:2:      layout_basic, nicolae_dithmenos_shadow_blocks, minmay_misc_feat_iff,
          uniq_jessica
D:3:      layout_loops_ring, nicolae_gozag_seed_capital
D:4:      layout_cave_pools, nzn_wu_jian_contemplation, lemuel_crystal_altar,
          serial_shops, nicolae_shop_window_shopping
D:5:      layout_basic, uniq_crazy_yiuf_cottage, uniq_duvessa
D:6:      layout_rooms, minmay_temple_entry_antechambers,
          minmay_misc_feat_encased, minmay_pentangle
D:7:      layout_loops_ring, grunt_temple_overflow_bloody_war,
          good_gods_temple_1, serial_shops, shop, uniq_joseph
Temple:   compressed_dpeg_circular_temple

Skill      XL: |  1  2  3  4  5  6 |
---------------+-------------------+-----
Shields        | 4 5 |  5.3
Axes           | 3 4 |  4.9
Armour         | 4 |  4.8
Fighting       | 4 |  4.8

Action                   |  1- 3 |  4- 6 |  7- 9 || total
-------------------------+-------+-------+-------++-------
Melee: War axe           |    72 |   113 |    31 ||   216
 Abil: Shaft Self        |       |     2 |       ||     2
  Use: Scroll            |       |     6 |       ||     6
       Potion            |       |     1 |       ||     1
Armor: Scale mail        |    30 |    31 |    11 ||    72
Dodge: Dodged            |    37 |    48 |    14 ||    99
Block: Kite shield       |    47 |    84 |    27 ||   158

Table legend: (Time is in decaauts)
 A = Elapsed time spent in this place.
 B = Non-inter-level travel time spent in this place.
 C = Inter-level travel time spent in this place.
 D = Time resting spent in this place.
 E = Time spent auto-exploring this place.
 F = Levels seen in this place.
 G = Mean time per level.
                   A        B        C        D        E       F      G
               +--------+--------+--------+--------+--------+-----+--------+
         Total |   4224 |   4188 |     36 |   1316 |   2082 |   8 |  528.0 |
       Dungeon |   3462 |   3426 |     36 |    692 |   2061 |   7 |  494.6 |
        Temple |    762 |    762 |      0 |    624 |     21 |   1 |  762.0 |
               +--------+--------+--------+--------+--------+-----+--------+

Top non-repeatable levels by time:
     D:3: 1023 daAuts
     D:1: 944 daAuts
     D:2: 770 daAuts
  Temple: 762 daAuts
     D:4: 342 daAuts
     D:7: 309 daAuts
     D:6: 62 daAuts
     D:5: 8 daAuts
